 Dungeon Crawl Stone Soup version 0.29-a0-193-ga21e45360d (console) character file.

Game seed: 11800351661528327695

101 Gather the Grave Robber (level 4, -8/31 HPs)
             Began as a Mummy Necromancer on Feb 22, 2022.
             Engulfed by a cloud of flame (39 damage)
             ... on level 2 of the Dungeon.
             The game lasted 00:11:24 (2488 turns).

Gather the Grave Robber (Mummy Necromancer)         Turns: 2488, Time: 00:11:25

Health: -8/31      AC:  4    Str: 11    XL:     4   Next: 48%
Magic:  8/8        EV: 12    Int: 16    God:
Gold:   85         SH:  0    Dex: 12    Spells: 5/9 levels left

rFire   x . .      SeeInvis .   e - +0 war axe (protect)
rCold   + . .      Faith    .   (no shield)
rNeg    + + +      Spirit   .   a - +0 robe
rPois   ∞          Reflect  .   (no helmet)
rElec   .          Harm     .   (no cloak)
rCorr   .          Rampage  .   (no gloves)
Will    .....                   i - +1 pair of boots
Stlth   ++........              (no amulet)
HPRegen 0.10/turn               (no ring)
MPRegen 0.11/turn               (no ring)

@: no status effects
A: cold resistance 1, negative energy resistance 3, torment resistance 2, heat
vulnerability 1, no potions
a: no special abilities


You were on level 2 of the Dungeon.
You visited 1 branch of the dungeon, and saw 2 of its levels.

You collected 85 gold pieces.

Inventory:

Hand Weapons
 b - a +0 club
 d - a +0 whip
 e - a +0 war axe of protection (weapon)
Missiles
 f - 4 poisoned darts (quivered)
Armour
 a - a +0 robe (worn)
 g - a +0 robe
 i - a +1 pair of boots (worn)
Scrolls
 c - a scroll of identify
 h - a scroll of brand weapon


   Skills:
 - Level 0.9 Fighting
 - Level 1.5 Dodging
 - Level 1.5 Stealth
 - Level 3.0 Spellcasting
 + Level 3.0 Conjurations
 - Level 4.1 Necromancy


You had 5 spell levels left.
You knew the following spells:

 Your Spells              Type           Power      Damage    Failure   Level
a - Pain                  Necr           60%        1d7       3%          1
b - Searing Ray           Conj           24%        2d5       9%          2
x - Animate Skeleton      Necr           30%        N/A       3%          1

Your spell library contained the following spells:

 Spells                   Type           Power      Damage    Failure   Level
 Magic Dart               Conj           48%        1d5       5%          1
 Vampiric Draining        Necr           15%        2d7       10%         3
 Animate Dead             Necr           7%         N/A       32%         4
 Agony                    Necr           15%        N/A       67%         5
 Fulminant Prism          Conj/Hex       3%         3d6       69%         4
 Fireball                 Conj/Fire      3%         3d4       95%         5
 Starburst                Conj/Fire      3%         6d3       100%        6
 Ignition                 Fire           1%         3d3       100%        8


Dungeon Overview and Level Annotations

Branches:
Dungeon (2/15)

Altars:


Innate Abilities, Weirdness & Mutations

You are immune to poison.
Your flesh is cold resistant. (rC+)
You are immune to negative energy. (rN+++)
You are immune to unholy pain and torment.
You are vulnerable to heat. (rF-)
You do not drink.


Message History

Casting: Pain (safe; 3% risk of failure)
Confirm with . or Enter, or press ? or * to list all spells.
Aiming: Pain (safe; 3% risk of failure)
Press: ? - help, Shift-Dir - straight line, f/p - adder
Aim: an adder (lightly wounded, chance to affect: 79%)
The adder writhes in agony.
Casting: Pain (safe; 3% risk of failure)
Confirm with . or Enter, or press ? or * to list all spells.
Aiming: Searing Ray (safe; 9% risk of failure)
Press: ? - help, Shift-Dir - straight line, f/p - adder
Aim: an adder (moderately wounded, 60% to hit)
The searing ray hits the adder.
The adder is heavily wounded. (Press . to maintain the ray.)
The adder bites you. The adder closely misses you.
The searing ray misses the adder.
The adder misses you.
The searing ray hits the adder!
You kill the adder!
Your Conjurations skill increases to level 3!
There is an open door here.
Found a pair of runed boots.
You see here a +1 pair of boots.
You start putting on your armour.
You continue putting on your +1 pair of boots. x4
You finish putting on your +1 pair of boots.
Found a stone staircase leading down.
There is an open door here.
There is an open door here.
There is an open door here.
There is an open door here.
There is an open door here.
There is an open door here.
Partly explored, can't reach some items and places.
Really walk into a travel-excluded area?
Cleave: e) +0 war axe (protect)
Press: ? - help, Dir - move target, f - you
Okay, then.
You are engulfed in blazing flames.
Ouch! That really hurt!
You die...

.###..#.###..###....# #.#
........# #..##.....##########.#
####..#####..###........†......#
#.........###..#.############
#..............#.#
#########.####.#.# #........#
######.### ##.## #...# #@☼§# ###
#.§§# #.# #§☼§# #.#
########...#####.###
#....§§..$$..§○.>..#
#...§○§.$$$..°§..#.####
####.#..§§.$$..§§§.......#
#....######...#####.#.##.#
#.#### #○☼○# #.#.##.# #.# #°☼☼#
###.##.# #.# #§.°# #...##.#


There were no monsters in sight!

Vanquished Creatures
  4 gnolls (D:2)
  3 adders (D:2)
  5 bats
  4 endoplasms (D:1)
  A giant cockroach (D:1)
  4 goblins
  3 hobgoblins
  2 jackals (D:1)
  4 quokkas
  2 ball pythons (D:1)
  A frilled lizard (D:1)
  2 rats (D:1)
35 creatures vanquished.

Notes
Turn   | Place    | Note
-------+----------+-------------------------------------------
     0 | D:1      | Gather the Mummy Necromancer began the quest for the Orb.
     0 | D:1      | Reached XP level 1. HP: 13/13 MP: 4/4
     3 | D:1      | Learned a level 1 spell: Animate Skeleton
   140 | D:1      | Reached XP level 2. HP: 13/20 MP: 1/6
   143 | D:1      | Learned a level 2 spell: Searing Ray
   345 | D:1      | Found a faded altar of an unknown god.
   708 | D:1      | Reached skill level 1 in Conjurations
  1150 | D:2      | Reached XP level 3. HP: 25/25 MP: 3/7
  1427 | D:2      | Reached XP level 4. HP: 31/31 MP: 4/8
  1484 | D:2      | Identified a scroll of acquirement
  1486 | D:2      | Acquired a book of Fire
  2488 | D:2      | Engulfed by a cloud of flame

Illustrated notes

Levels and vault maps discovered:
D:1:      lightli_arrival_maybe_door_vault, layout_rooms,
          hellmonk_ecumenical_altar_arch_garden
D:2:      layout_loops_corners, lemuel_flame_loot_1

Skill      XL: |  1  2  3  4 |
---------------+-------------+-----
Spellcasting   | 3 |  3.0
Conjurations   | 1 2 3 |  3.0
Fighting       | |  0.9
Dodging        | |  1.5
Stealth        | |  1.5
Necromancy     | |  4.1

Action                   |  1- 3 |  4- 6 || total
-------------------------+-------+-------++-------
Melee: Club              |    31 |       ||    31
       Whip              |     5 |     3 ||     8
       War axe           |       |     6 ||     6
 Cast: Pain              |    53 |    14 ||    67
       Animate Skeleton  |     2 |       ||     2
       Searing Ray       |     1 |     3 ||     4
  Use: Scroll            |       |     4 ||     4
 Stab: Sleeping          |       |     1 ||     1
Armor: Robe              |    19 |     5 ||    24
Dodge: Dodged            |    48 |    10 ||    58

Table legend: (Time is in decaauts)
 A = Elapsed time spent in this place.
 B = Non-inter-level travel time spent in this place.
 C = Inter-level travel time spent in this place.
 D = Time resting spent in this place.
 E = Time spent auto-exploring this place.
 F = Levels seen in this place.
 G = Mean time per level.
                   A        B        C        D        E       F      G
               +--------+--------+--------+--------+--------+-----+--------+
         Total |   2501 |   2448 |     53 |    116 |   1955 |   2 | 1250.5 |
       Dungeon |   2501 |   2448 |     53 |    116 |   1955 |   2 | 1250.5 |
               +--------+--------+--------+--------+--------+-----+--------+

Top non-repeatable levels by time:
     D:2: 1285 daAuts
     D:1: 1215 daAuts
